 Dungeon Crawl Stone Soup version 0.28.0-1-gb440e238dd (webtiles) character file.

Game seed: 4012379511135947762

12 croobank the Firebug (level 2, 0/17 HPs)
             Began as an Octopode Fire Elementalist on Feb 19, 2022.
             Slain by an endoplasm (2 damage)
             ... on level 1 of the Dungeon.
             The game lasted 00:01:39 (287 turns).

croobank the Firebug (Octopode Fire Elementalist)    Turns: 287, Time: 00:01:40

Health: 0/17       AC:  1    Str:  7    XL:     2   Next: 33%
Magic:  5/5        EV:  8    Int: 17    God:
Gold:   17         SH: 11    Dex: 12    Spells: 2/5 levels left

rFire   . . .      SeeInvis .   (no weapon)
rCold   . . .      Faith    .   g - +1 tower shield {reflect}
rNeg    . . .      Spirit   .   (helmet restricted)
rPois   .          Reflect  +   (no amulet)
rElec   .          Harm     .   (no ring)
rCorr   .          Rampage  .   (no ring)
Will    .....                   (no ring)
Stlth   +++.......              (no ring)
HPRegen 0.05/turn               (no ring)
MPRegen 0.09/turn               (no ring)
                                (no ring)
                                (no ring)

@: no status effects
A: almost no armour, amphibious, 8 rings, camouflage 1, gelatinous body 1,
(nimble swimmer 1), tentacles
a: no special abilities


You were on level 1 of the Dungeon.
You visited 1 branch of the dungeon, and saw 1 of its levels.

You collected 17 gold pieces.

Inventory:

Missiles
 a - 75 stones
 b - 16 bolts
 c - 15 arrows
Armour
 g - a +1 tower shield of reflection (worn)
Scrolls
 d - a scroll of magic mapping {unknown}
 e - a scroll of fear {unknown}
 f - a scroll of identify {unknown}


   Skills:
 + Level 2.2 Dodging
 + Level 3.0 Stealth
 + Level 2.1 Spellcasting
 + Level 1.3 Conjurations
 + Level 3.1 Fire Magic


You had 2 spell levels left.
You knew the following spells:

 Your Spells              Type           Power      Damage    Failure   Level
a - Foxfire               Conj/Fire      36%        2x1d5     80%         1
b - Scorch                Fire           24%        2d6       82%         2

Your spell library contained the following spells:

 Spells                   Type           Power      Damage    Failure   Level
 Conjure Flame            Conj/Fire      9%         6-21      99%         3
 Inner Flame              Hex/Fire       7%         N/A       99%         3
 Flame Wave               Conj/Fire      9%         2d5       100%        4


Dungeon Overview and Level Annotations

Branches:
Dungeon (1/15)

Altars:


Innate Abilities, Weirdness & Mutations

You cannot wear most types of armour.
You are amphibious.
You can wear up to eight rings at the same time.
Your skin changes colour to match your surroundings (Stealth+).
Your rubbery body absorbs attacks. (AC +1, EV +1)
((You are camouflaged when in or above water. (Stealth+)))
You have tentacles for arms and can constrict up to eight enemies at once.


Message History

The endoplasm freezes you.
You are frozen.
The hobgoblin hits you.
You tentacle-slap the hobgoblin but do no damage.
The hobgoblin is lightly wounded.
You constrict the hobgoblin. The endoplasm hits you.
A kobold comes into view. It is wielding a +0 short sword.
You block the hobgoblin's attack. You block the endoplasm's attack.
You tentacle-slap the hobgoblin but do no damage.
The hobgoblin is moderately wounded.
You constrict the hobgoblin, but do no damage.
The hobgoblin hits you but does no damage.
The endoplasm barely misses you. You block the hobgoblin's attack.
You tentacle-slap the hobgoblin but do no damage.
The hobgoblin is moderately wounded.
You constrict the hobgoblin. You block the endoplasm's attack.
The hobgoblin hits you.
You tentacle-slap the hobgoblin but do no damage.
Your squeeze misses the hobgoblin.
The hobgoblin is severely wounded.
You constrict the hobgoblin.
You kill the hobgoblin!
The endoplasm closely misses you. You block the endoplasm's attack.
You tentacle-slap the endoplasm but do no damage.
The kobold hits you but does no damage. The endoplasm freezes you.
You are frozen.
You tentacle-slap the endoplasm.
You squeeze the endoplasm, but do no damage.
The endoplasm is moderately wounded.
You block the kobold's attack. You block the endoplasm's attack.
The kobold hits you but does no damage. The endoplasm freezes you.
You are frozen.
* * * LOW HITPOINT WARNING * * *
You tentacle-slap the endoplasm but do no damage.
The endoplasm is lightly wounded.
The kobold hits you with a +0 short sword.
* * * LOW HITPOINT WARNING * * *
The endoplasm hits you.
You die...

##..≈##
##.....####
##..≈≈#
##.##......
'#...≈#
#..........
8'...≈+
##..#.#####
##.§.≈# #....#
##..§≈#
##.#..########.
##..≈##
#...........JK.
#####
##.##..J>#####
#.#...#@.##
#.#...##K.#
#.#...###..#
#...# #.# ##.##
... #. .#. #.
## .. .


You could see an endoplasm and a kobold.

Vanquished Creatures
  An endoplasm (D:1)
  4 goblins (D:1)
  3 hobgoblins (D:1)
  A kobold (D:1)
  A rat (D:1)
10 creatures vanquished.

Vanquished Creatures (others)
  19 foxfires (D:1)
19 creatures vanquished.

Grand Total: 29 creatures vanquished

Notes
Turn   | Place    | Note
-------+----------+-------------------------------------------
     0 | D:1      | croobank the Octopode Fire Elementalist began the quest for
                  | the Orb.
     0 | D:1      | Reached XP level 1. HP: 11/11 MP: 3/3
   179 | D:1      | Reached XP level 2. HP: 17/17 MP: 3/5
   182 | D:1      | Learned a level 2 spell: Scorch
   287 | D:1      | Slain by an endoplasm

Illustrated notes

Levels and vault maps discovered:
D:1:      dpeg_arrival_morbid_curiosity, layout_rooms, minmay_stone_trees_medium

Skill      XL: |  1  2 |
---------------+-------+-----
Stealth        | 3 |  3.0
Dodging        | |  2.2
Spellcasting   | |  2.1
Conjurations   | |  1.3
Fire Magic     | |  3.1

Action                   || total
-------------------------++-------
Melee: Unarmed           ||    16
       Constrict         ||     3
       Tentacles         ||     2
       Punch             ||     1
 Cast: Foxfire           ||    10
Armor: Skin              ||     3
Dodge: Dodged            ||    12
Block: Tower shield      ||    13
       Reflection        ||     2
